 Dungeon Crawl Stone Soup version 0.25-a0-743-g84dc20635f (webtiles) character file.

Game seed: 7790317277095407876, levelgen mode: deterministic

5054 ReteAZ the Thaumaturge (level 10, -3/74 HPs)
             Began as a Mummy Wizard on Apr 13, 2020.
             Was an Initiate of Gozag.
             Slain by a white ugly thing (10 damage)
             ... on level 10 of the Dungeon.
             The game lasted 00:39:16 (14093 turns).

ReteAZ the Thaumaturge (Mummy Wizard)              Turns: 14093, Time: 00:39:16

Health: -3/74      AC:  5    Str: 10    XL:     10   Next: 31%
Magic:  10/31      EV: 14    Int: 21    God:    Gozag
Gold:   1818       SH:  0    Dex: 11    Spells: 14/25 levels left

rFire    . . .     SeeInvis .   B - staff of conjuration
rCold    + . .     Gourm    .   (no shield)
rNeg     + + +     Faith    .   u - +2 robe {rF+}
rPois    ∞         Spirit   .   b - +0 hat
rElec    .         Reflect  .   A - +0 cloak
rCorr    .         Harm     .   (no gloves)
MR       ++...                  (no boots)
Stlth    ++........             (no amulet)
HPRegen  0.22/turn              w - ring of protection from magic
MPRegen  0.22/turn              f - ring of magical power

@: no status effects
A: no food or potions, fire vulnerability, cold resistance 1, negative energy
resistance 3, torment resistance, unbreathing
a: Potion Petition, Call Merchant, Bribe Branch, Renounce Religion


You were on level 10 of the Dungeon.
You worshipped Gozag.
Gozag was most pleased with you.
You were not hungry.

You visited 1 branch of the dungeon, and saw 10 of its levels.
You also visited: Ossuary.

You collected 1945 gold pieces.
You spent 104 gold pieces at shops.
You paid 23 gold pieces to Gozag.

Inventory:

Hand Weapons
 g - a +1 dagger of venom
 t - a +2 whip of electrocution
 v - the +2 falchion of Dullness {vorpal, +Inv rPois Dex-2 SInv}
   (You found it on level 6 of the Dungeon)

   It inflicts extra damage upon your enemies.
   It affects your dexterity (-2).
   It protects you from poison.
   It lets you see invisible.
   It lets you turn invisible.
Missiles
 i - 43 poisoned darts (quivered)
Armour
 b - a +0 hat (worn)
 h - a scarf of repulsion
 s - a +0 robe of positive energy
 u - a +2 robe of fire resistance (worn)
 A - a +0 cloak (worn)
Magical Staves
 B - an uncursed staff of conjuration (weapon)
Jewellery
 a - an uncursed ring of flight
 f - a ring of magical power (right hand)
 p - an uncursed ring of stealth
 w - a ring of protection from magic (left hand)
 x - a +3 ring of intelligence
Wands
 l - a wand of paralysis (5)
 r - a wand of iceblast (15)
 D - a wand of polymorph (9)
Scrolls
 c - 3 scrolls of fear
 d - 2 scrolls of identify
 e - 7 scrolls of remove curse
 j - 11 scrolls of teleportation
 k - 2 scrolls of enchant armour
 m - 5 scrolls of magic mapping
 n - 2 scrolls of noise
 o - 5 scrolls of blinking
 q - 3 scrolls of amnesia
 y - 3 scrolls of enchant weapon
 z - a scroll of immolation
 C - a scroll of holy word


   Skills:
 - Level 5.2 Fighting
 - Level 5.0 Dodging
 - Level 1.5 Stealth
 + Level 8.3 Spellcasting
 + Level 7.1 Conjurations
 - Level 3.0 Summonings
 + Level 1.2 Translocations
 - Level 3.0 Fire Magic
 - Level 3.0 Air Magic
 - Level 3.0 Poison Magic


You had 14 spell levels left.
You knew the following spells:

 Your Spells              Type           Power        Failure   Level  Hunger
a - Magic Dart            Conj           ####         1%          1    N/A
b - Call Imp              Summ           ###.....     3%          2    N/A
c - Conjure Flame         Conj/Fire      #####...     2%          3    N/A
d - Mephitic Cloud        Conj/Pois/Air  #####...     3%          3    N/A
e - Blink                 Tloc           N/A          7%          2    N/A

Your spell library contained the following spells:

 Spells                   Type           Power        Failure   Level  Hunger
 Poisonous Vapours        Pois/Air       ###...       3%          2    N/A
 Dazzling Flash           Conj/Hex       #####.       5%          3    N/A
 Stone Arrow              Conj/Erth      #####.       5%          3    N/A
 Corona                   Hex            #......      8%          1    N/A
 Freeze                   Ice            #...         8%          1    N/A
 Sandblast                Erth           #.....       8%          1    N/A
 Ensorcelled Hibernation  Hex/Ice        #.....       12%         2    N/A
 Passwall                 Tmut/Erth      #.......     12%         2    N/A
 Slow                     Hex            #.......     12%         2    N/A
 Hailstorm                Conj/Ice       #####...     19%         4    N/A
 Confusing Touch          Hex            #.......     22%         3    N/A
 Frozen Ramparts          Ice            #.....       22%         3    N/A
 Ozocubu's Armour         Chrm/Ice       #.......     22%         3    N/A
 Tukima's Dance           Hex            #.......     22%         3    N/A
 Summon Ice Beast         Ice/Summ       ###.....     38%         4    N/A
 Petrify                  Tmut/Erth      #.......     58%         4    N/A
 Lee's Rapid Deconstruct  Erth           #.........   91%         5    N/A
 Freezing Cloud           Conj/Ice/Air   ####......   96%         6    N/A
 Ring of Flames           Chrm/Fire      ###.......   100%        7    N/A

Dungeon Overview and Level Annotations

Branches:
Dungeon (10/15)            Temple (0/1) D:5            Lair (0/6) D:8
Ossuary (visited)
    Orc: D:9-12

Altars:
Cheibriados
Dithmenos
Fedhas
Gozag
Kikubaaqudgha
Makhleb
Trog
Uskayaw
The Shining One

Shops:
D:5 !   D:6 ?

Annotations:
D:2 exclusion: downstairs
D:10 2 runed translucent doors, Howlingfantods's ghost, journeyman MiFi


Innate Abilities, Weirdness & Mutations

You do not eat or drink.
Your flesh is vulnerable to fire.
You are immune to poison.
Your flesh is cold resistant. (rC+)
You are immune to negative energy. (rN+++)
You are immune to unholy pain and torment.
You can survive without breathing.


Message History

Aim: a white ugly thing (severely wounded, chance to defeat MR: 28%)
Okay, then.
Unknown command.
Fire/throw which item? (* to show all) (? for menu, Esc to quit)
Okay, then.
Casting: Blink (safe; 7% risk of failure)
Confirm with . or Enter, or press ? or * to list all spells.
Aiming: Magic Dart (safe; 1% risk of failure)
Press: ? - help, Shift-Dir - straight line, f/p - white ugly thing
Aim: a white ugly thing (severely wounded)
You feel a surge of power!
The magic dart hits the white ugly thing.
The white ugly thing is severely wounded.
Casting: Magic Dart (safe; 1% risk of failure)
Confirm with . or Enter, or press ? or * to list all spells.
You blink.
The white ugly thing tail-slaps you.
* * * LOW HITPOINT WARNING * * *
The white ugly thing freezes you! You resist.
You die...
Your body crumbles into a pile of gold.

#..........#.....######
#......... #.....<.....
#........ #...........
##....... #...........
........#####.#########.
#.....#.....#.......#.
#.....#5.5..#.......#.
#..§.u5#########....#.
#....@##/$.... ###..'.
#.....# .##..♣VVe+..#.
#....##}$#8V...♣p#..#.
#....#..$....#####..#.
#....#####8.##.....##.
#####..%...#8ZW.#..⌠......
#........#####8Z##........
.........#.$)....#####....
.........# ..#8.....C#....


You could see a white ugly thing, a friendly crimson imp and a friendly white
imp.

Vanquished Creatures
  Maurice (D:8)
  A hornet (D:9)
  A hippogriff (D:8)
  2 hogs
  A human (D:9)
  2 orc warriors
  An ice beast (D:7)
  A sky beast (D:9)
  A black bear (D:8)
  A necrophage (D:6)
  2 ogres (D:5)
  A phantom (D:9)
  3 bullfrogs
  A water moccasin zombie (Ossuary)
  A wyvern zombie (D:6)
  A scorpion (D:4)
  2 howler monkeys
  A bullfrog zombie (D:6)
  A quasit (D:7)
  7 hounds
  A jelly (D:7)
  5 orc priests
  A bullfrog skeleton (D:9)
  A centaur skeleton (D:5)
  3 iron imps (D:5)
  11 mummies
  Ijyb (D:4)
  7 worker ants
  11 orc wizards
  3 hound zombies (Ossuary)
  A worker ant zombie (Ossuary)
  A howler monkey skeleton (D:6)
  9 adders
  3 gnolls (D:7)
  An ooze (D:3)
  2 adder zombies
  An adder skeleton (D:4)
  4 worms (D:2)
  2 dart slugs
  7 leopard geckos
  37 orcs
  3 bats
  3 giant cockroaches
  8 hobgoblins
  13 jackals
  5 kobolds
  2 quokkas
  4 ball pythons
  2 frilled lizards
  7 goblins
  A jackal skeleton (D:4)
  A jackal zombie (Ossuary)
  A leopard gecko zombie (D:5)
  A quokka skeleton (D:5)
  6 quokka zombies
  10 rats
  2 rat zombies (D:7)
213 creatures vanquished.

Vanquished Creatures (collateral kills)
  Pikel (D:5)
  Sigmund (D:4)
  A yak (D:9)
  A hog (D:9)
  A hungry ghost (D:7)
  Menkaure (D:5)
  An ice beast (D:5)
  An ogre (D:5)
  2 centaurs
  A centaur zombie (Ossuary)
  A bullfrog skeleton (D:7)
  A jelly (D:7)
  A killer bee zombie (Ossuary)
  A hound zombie (Ossuary)
  5 mummies (Ossuary)
  A worker ant zombie (Ossuary)
  An adder (D:7)
  A gnoll (D:7)
  A shadow imp (D:6)
  2 adder zombies (Ossuary)
  2 orcs
  A leopard gecko zombie (Ossuary)
29 creatures vanquished.

Vanquished Creatures (others)
  A phantom (D:5)
  2 slaves (D:5)
  A centaur (D:5)
  An orc priest (D:5)
  An orc wizard (D:5)
  An orc (D:5)
  3 withered plants (Ossuary)
10 creatures vanquished.

Grand Total: 252 creatures vanquished

Notes
Turn   | Place    | Note
-------+----------+-------------------------------------------
     0 | D:1      | ReteAZ the Mummy Wizard began the quest for the Orb.
     0 | D:1      | Reached XP level 1. HP: 13/13 MP: 5/5
   188 | D:1      | Reached skill level 1 in Conjurations
   647 | D:1      | Reached XP level 2. HP: 5/19 MP: 0/7
  1419 | D:2      | Reached XP level 3. HP: 18/24 MP: 5/9
  1453 | D:2      | Learned a level 2 spell: Call Imp
  1456 | D:2      | Found a shadowy altar of Dithmenos.
  1925 | D:2      | Found an opulent altar of Gozag.
  1930 | D:2      | Became a worshipper of Gozag Ym Sagoz the Greedy
  2002 | D:2      | Reached skill level 1 in Summonings
  2322 | D:2      | Reached XP level 4. HP: 30/30 MP: 8/10
  3430 | D:3      | Reached skill level 5 in Spellcasting
  3581 | D:3      | Paralysed by a hobgoblin for 5 turns
  3811 | D:3      | Reached XP level 5. HP: 35/35 MP: 4/12
  4063 | D:3      | Learned a level 3 spell: Conjure Flame
  4067 | D:3      | Learned a level 3 spell: Mephitic Cloud
  4563 | D:4      | Reached XP level 6. HP: 40/41 MP: 7/14
  4704 | D:4      | Found a blossoming altar of Fedhas.
  4750 | D:4      | Noticed Ijyb
  4763 | D:4      | Killed Ijyb
  4869 | D:4      | Noticed Sigmund
  4897 | D:4      | Killed Sigmund
  4897 | D:4      | Reached skill level 6 in Spellcasting
  5244 | D:5      | Entered Level 5 of the Dungeon
  5288 | D:5      | Found Retin's Distillery.
  5304 | D:5      | Noticed Menkaure
  5403 | D:5      | Noticed Pikel
  5424 | D:5      | Noticed a slave
  5424 | D:5      | Noticed a slave
  5425 | D:5      | Killed Pikel
  5425 | D:5      | Reached skill level 1 in Fire Magic
  5425 | D:5      | Reached skill level 1 in Air Magic
  5425 | D:5      | Reached skill level 1 in Poison Magic
  5425 | D:5      | Reached XP level 7. HP: 19/46 MP: 16/16
  5656 | D:5      | Reached skill level 5 in Conjurations
  5671 | D:5      | Reached XP level 8. HP: 52/52 MP: 17/17
  5724 | D:5      | Found a staircase to the Ecumenical Temple.
  5835 | D:5      | Killed Menkaure
  6109 | D:5      | Found a burning altar of Makhleb.
  6141 | D:5      | Reached skill level 7 in Spellcasting
  6726 | D:5      | Found a staircase to the Ecumenical Temple.
  6760 | D:5      | Found Retin's Distillery.
  7029 | D:5      | Found a burning altar of Makhleb.
  7185 | D:6      | Found Lurigui's Magic Scroll Emporium.
  7187 | D:6      | Got a dazzling falchion
  7294 | D:6      | Bought a scroll of teleportation for 33 gold pieces
  7294 | D:6      | Bought a scroll of teleportation for 33 gold pieces
  7294 | D:6      | Bought a scroll of magic mapping for 38 gold pieces
  7294 | D:6      | Identified the +2 falchion of Dullness {vorpal, +Inv rPois
                  | Dex-2 SInv} (You found it on level 6 of the Dungeon)
  8316 | D:7      | Found a sand-covered staircase.
  8398 | Ossuary  | Entered an ossuary
  8449 | Ossuary  | Reached skill level 8 in Spellcasting
  8457 | Ossuary  | Reached XP level 9. HP: 42/57 MP: 15/21
  8677 | Ossuary  | Learned a level 2 spell: Blink
  8807 | Ossuary  | Reached skill level 1 in Fighting
  9838 | D:7      | Found a bloodstained altar of Trog.
 10656 | D:8      | Found a glowing golden altar of the Shining One.
 10766 | D:8      | Noticed Maurice
 10800 | D:8      | Killed Maurice
 10961 | D:8      | Reached skill level 5 in Fighting
 11234 | D:8      | Reached skill level 5 in Dodging
 11352 | D:8      | Found a staircase to the Lair.
 11363 | D:8      | Found an ancient bone altar of Kikubaaqudgha.
 11366 | D:8      | Found a hide-covered altar of Uskayaw.
 11572 | D:8      | Found a snail-covered altar of Cheibriados.
 11680 | D:9      | Reached XP level 10. HP: 56/74 MP: 22/22
 13253 | D:9      | Reached skill level 1 in Translocations
 13959 | D:10     | Entered Level 10 of the Dungeon
 13987 | D:10     | Found a runed translucent door.
 13995 | D:10     | Noticed a necromancer
 13997 | D:10     | Noticed a frost giant
 13999 | D:10     | Found a runed translucent door.
 14000 | D:10     | Noticed a deep elf archer
 14002 | D:10     | Noticed a lich
 14002 | D:10     | Noticed Howlingfantods's ghost (journeyman MiFi)
 14054 | D:10     | Noticed a white ugly thing
 14093 | D:10     | Slain by a white ugly thing

Levels and vault maps discovered:
D:1:      noname_arrival_rooms_in_the_neighbourhood, layout_basic,
          grunt_decor_one_mirror
D:2:      layout_loops_ring, nicolae_overflow_crystal_walls, lemuel_doored_altar
D:3:      layout_basic, first_ration, dk_vineyard_1
D:4:      layout_basic, fedhas_altar_2, uniq_ijyb, uniq_sigmund
D:5:      layout_basic, demons_altar, minmay_temple_entry_gardened_gates,
          serial_shops, shop, minmay_misc_feat_pillars, kennysheep_another_room,
          uniq_menkaure, uniq_pikel
D:6:      layout_cave_pools, serial_shops, shop, chequers_jeans,
          minmay_checkerbox
D:7:      layout_basic, enter_ossuary_4, mrwooster_statue_mirror,
          grunt_ministairs_2, trog_book
D:8:      layout_loops_ring, lemuel_round_altar, grunt_temple_overflow_open,
          lair_entry_dummy, chei_slow_surprise, uniq_maurice
D:9:      layout_gridville, grunt_livestock, kennysheep_nub
D:10:     layout_irregular_city, muffindrake_ghost_dual_entry, tgw_kikubaaqudgha

Skill      XL: |  1  2  3  4  5  6  7  8  9 10 |
---------------+-------------------------------+-----
Conjurations   | 1 2 3 4 5 6 7 |  7.1
Summonings     | 1 2 3 |  3.0
Spellcasting   | 5 6 8 |  8.3
Fire Magic     | 1 2 3 |  3.0
Air Magic      | 1 2 3 |  3.0
Poison Magic   | 1 2 3 |  3.0
Fighting       | 5 |  5.2
Dodging        | 5 |  5.0
Translocations | 1 |  1.2
Stealth        | |  1.5

Action                   |  1- 3 |  4- 6 |  7- 9 | 10-12 || total
-------------------------+-------+-------+-------+-------++-------
Melee: Unarmed           |    14 |       |       |       ||    14
       Dagger            |    18 |    64 |       |       ||    82
       Whip              |       |       |    23 |       ||    23
       Falchion          |       |       |    51 |     1 ||    52
Throw: Dart              |    16 |       |       |       ||    16
 Cast: Magic Dart        |   103 |   142 |   478 |   125 ||   848
       Call Imp          |       |    13 |    43 |    14 ||    70
       Mephitic Cloud    |       |       |     5 |     6 ||    11
       Conjure Flame     |       |       |     9 |     3 ||    12
       Blink             |       |       |       |     4 ||     4
Invok: Potion Petition   |       |       |     1 |       ||     1
Evoke: Wand              |       |     1 |       |       ||     1
  Use: Scroll            |       |     3 |    11 |       ||    14
 Stab: Paralysed         |       |     3 |       |       ||     3
       Distracted        |       |       |     1 |       ||     1
       Confused          |       |       |     1 |       ||     1
Armor: Robe              |    25 |    13 |    44 |     8 ||    90
Dodge: Dodged            |    34 |    75 |   114 |    31 ||   254
       Deflected         |       |       |     5 |       ||     5
       Rpst.: Falchion   |       |       |    33 |     1 ||    34

Table legend:
 A = Non-vault XP
 B = Vault XP
 C = Vault XP percentage of total XP
 D = Non-vault monster count
 E = Vault monster count
 F = Vault count percentage of total count
                 A         B        C        D         E       F
            +---------+---------+-------+---------+---------+-------
      Total |    4446 |    2775 |  38.4 |     190 |      52 |  21.5
            +---------+---------+-------+---------+---------+-------
        D:1 |      33 |       0 |   0.0 |      21 |       0 |   0.0
        D:2 |     120 |       0 |   0.0 |      27 |       0 |   0.0
        D:3 |     130 |       0 |   0.0 |      27 |       0 |   0.0
        D:4 |     204 |     181 |  47.0 |       7 |       2 |  22.2
        D:5 |     587 |     761 |  56.5 |      27 |       5 |  15.6
        D:6 |     593 |      18 |   2.9 |      19 |       2 |   9.5
        D:7 |     977 |       2 |   0.2 |      28 |       2 |   6.7
        D:8 |     802 |     611 |  43.2 |      14 |       3 |  17.6
        D:9 |     919 |     626 |  40.5 |      16 |       4 |  20.0
       D:10 |      81 |       0 |   0.0 |       4 |       0 |   0.0
    Ossuary |       0 |     576 | 100.0 |       0 |      34 | 100.0
            +---------+---------+-------+---------+---------+-------
